 Dungeon Crawl Stone Soup version 0.28-a0-1506-g3893175d92 (webtiles) character file.

Game seed: 9511514743232878891

3665 tatocazan the Basher (level 10, -9/57 HPs)
             Began as a Gargoyle Fighter on Jan 13, 2022.
             Was a Follower of Hepliaklqana.
             Mangled by a sun demon (14 damage)
             ... summoned by a kobold demonologist
             ... on level 8 of the Dungeon.
             The game lasted 00:10:49 (10542 turns).

tatocazan the Basher (Gargoyle Fighter)            Turns: 10542, Time: 00:10:50

Health: -9/57      AC: 19    Str: 24    XL:     10   Next: 12%
Magic:  0/13       EV: 13    Int:  9    God:    Hepliaklqana [*.....]
Gold:   334        SH:  6    Dex: 15    Spells: 9/9 levels left

rFire   . . .      SeeInvis .   a - +1 flail
rCold   . . .      Faith    .   c - +0 buckler
rNeg    + . .      Spirit   +   d - +1 chain mail
rPois   ∞          Reflect  .   (no helmet)
rElec   +          Harm     .   (no cloak)
rCorr   .          Rampage  .   (no gloves)
Will    .....                   (no boots)
Stlth   ..........              f - amulet of guardian spirit
HPRegen 0.19/turn               l - +6 ring of dexterity
MPRegen 0.13/turn               n - +4 ring of evasion

@: studying Crossbows
A: reduced essence, sickness immunity, AC +7, negative energy resistance 1,
electricity resistance, torment resistance 1, petrification resistance
a: Renounce Religion, Recall Ancestor, Ancestor Identity


You were on level 8 of the Dungeon.
You worshipped Hepliaklqana.
Hepliaklqana was aware of your devotion.
You visited 2 branches of the dungeon, and saw 9 of its levels.
You also visited: Sewer.

You collected 334 gold pieces.

Inventory:

Hand Weapons
 a - a +1 flail (weapon)
Missiles
 i - 5 atropa-tipped darts (quivered)
 C - 2 throwing nets
Armour
 b - a +0 scale mail
 c - a +0 buckler (worn)
 d - a +1 chain mail (worn)
Jewellery
 f - an amulet of guardian spirit (around neck)
 l - a +6 ring of dexterity (left hand)
 n - a +4 ring of evasion (right hand)
 B - a ring of protection from cold
Wands
 y - a wand of flame (12)
 z - a wand of polymorph (12)
Scrolls
 e - a scroll of holy word
 g - 3 scrolls of identify
 k - 2 scrolls of enchant weapon
 m - 3 scrolls of teleportation
 p - 2 scrolls of noise
 u - 2 scrolls of enchant armour
 v - 2 scrolls of blinking
Potions
 h - a potion of brilliance {unknown}
 j - a potion of magic {unknown}
 o - 3 potions of berserk rage {unknown}
 q - a potion of lignification {unknown}
 r - a potion of mutation {unknown}
 s - 2 potions of ambrosia {unknown}
 t - 2 potions of flight {unknown}
 A - a potion of attraction {unknown}


   Skills:
 + Level 7.7 Fighting
 * Level 8.1 Maces & Flails
 + Level 7.8 Armour
 + Level 3.3 Dodging
 - Level 6.0 Shields
 + Level 4.5 Invocations


You had 9 spell levels left.
You didn't know any spells.
Your spell library contained the following spells:

 Spells                   Type           Power      Damage    Failure   Level
 Ensorcelled Hibernation  Hex/Ice        0%         N/A       99%         2
 Passwall                 Tmut/Erth      0%         N/A       99%         2
 Portal Projectile        Hex/Tloc       0%         N/A       100%        3
 Swiftness                Air            0%         N/A       100%        3
 Hailstorm                Conj/Ice       0%         3d3       100%        4
 Ice Form                 Ice/Tmut       0%         N/A       100%        4
 Blade Hands              Tmut           0%         N/A       100%        5
 Excruciating Wounds      Necr           0%         N/A       100%        5
 Simulacrum               Ice/Necr       0%         N/A       100%        6
 Chain Lightning          Conj/Air       0%         N/A       100%        9
 Fire Storm               Conj/Fire      0%         5d1       100%        9
 Shatter                  Erth           0%         3d5*      100%        9


Dungeon Overview and Level Annotations

Branches:
Dungeon (8/15)             Temple (1/1) D:5           Sewer (visited)
   Lair: D:8-11

Altars:
Ashenzari
Dithmenos
Gozag
Hepliaklqana
Nemelex Xobeh
Okawaru
Qazlal
Ru
Sif Muna
Trog
Uskayaw
Xom
Yredelemnul

Annotations:
D:4 3 runed translucent doors, Iich's ghost, amateur MiBe


Innate Abilities, Weirdness & Mutations

Your life essence is reduced to manifest your ancestor. (-10% HP)
You are immune to sickness and miasma.
Your stone body is resilient. (AC +7)
You are immune to poison.
You resist negative energy. (rN+)
You are resistant to electric shocks. (rElec)
You are resistant to unholy torment.
You are immune to petrification.


Message History

The kobold demonologist mumbles some strange words.
Melek misses the kobold demonologist.
The ufetubus hits Melek. x2
The kobold hits Melek but does no damage.
The rust devil hits Melek.
The rust devil corrodes Melek!
You hit the kobold demonologist.
The kobold demonologist is heavily wounded.
The quasit barely misses you.
The quasit claws you but does no damage. x2
The ufetubus barely misses Melek.
The ufetubus misses Melek.
The kobold demonologist casts a cantrip, but nothing happens.
Melek hits the kobold!
The kobold dies!
The sun demon hits you!
You are engulfed in flames!
* * * LOW HITPOINT WARNING * * *
The quasit closely misses you. You block the quasit's attack.
The quasit claws you but does no damage.
The ufetubus barely misses Melek. x2; The rust devil completely misses Melek.
You take 23 damage, and have 11/57 hp.
MASSIVE DAMAGE!!
You now have 2/13 mp.
You hit the kobold demonologist but do no damage.
The kobold demonologist is heavily wounded.
The kobold demonologist mumbles some strange words.
Melek completely misses the kobold demonologist.
The quasit bites you but does no damage.
You block the quasit's attack.
The quasit claws you but does no damage.
The ufetubus closely misses Melek.
The ufetubus barely misses Melek.
You block the sun demon's attack.
The rust devil hits Melek!
Melek seems to be corroded for longer.
You hit the kobold demonologist.
The kobold demonologist is heavily wounded.
The ufetubus misses Melek.
The ufetubus hits Melek.
You block the quasit's attack.
The quasit claws you but does no damage.
The quasit closely misses you.
The kobold barely misses Melek.
The kobold demonologist gestures wildly while chanting.
Melek closely misses the kobold demonologist.
The sun demon hits you.
* * * LOW HITPOINT WARNING * * *
You are engulfed in flames!
You die...

#....#.$. ##KK..#.#
#.......# #.....#.#
#..KKK..# #.##.##.#
#######.##.##.#
#........#..#K#####
#.#####.....K4RK@5#
##....K5###3#
###...## #.# #..##
##.##### #.##
#......# #.#
#..###.# ###.###
#..###.#
#.....###...##.#
#.....##.......#


You could see the friendly Melek the ancestor (corroded), a sun demon
(summoned), a rust devil (summoned), a kobold demonologist (ally target), a
quasit (summoned), an ufetubus (summoned) and 3 kobolds.

Vanquished Creatures
  A wraith (D:6)
  A shadow (D:6)
  3 vampire mosquitoes (D:6)
  A water moccasin (D:5)
  2 sky beasts
  2 black bears
  An ice beast (D:4)
  4 ogres
  A centaur (D:7)
  2 phantoms
  A kobold brigand (D:7)
  A bullfrog (D:7)
  2 scorpions
  A jelly (D:3)
  2 centaur zombies
  2 hounds (D:4)
  2 orc priests
  A centaur skeleton (D:7)
  2 bullfrog skeletons (D:6)
  4 iguanas
  Terence (D:3)
  5 orc wizards
  A killer bee zombie (D:5)
  A howler monkey zombie (D:5)
  Robin (D:1)
  13 adders
  A gnoll (D:2)
  7 river rats
  2 white imps (D:6)
  2 ufetubi
  3 worms
  2 dart slugs (D:1)
  32 orcs
  3 endoplasms
  2 giant cockroaches
  15 goblins
  10 hobgoblins
  2 jackals (D:4)
  A quokka (D:2)
  7 ball pythons
  3 bats
  5 frilled lizards
  6 kobolds
  7 rats
168 creatures vanquished.

Vanquished Creatures (collateral kills)
  An acid dragon (D:8)
  An ice beast (D:6)
  A scorpion (D:6)
  A wyvern skeleton (D:7)
  A jelly (D:7)
  3 kobolds (D:8)
8 creatures vanquished.

Grand Total: 176 creatures vanquished

Notes
Turn   | Place    | Note
-------+----------+-------------------------------------------
     0 | D:1      | tatocazan the Gargoyle Fighter began the quest for the Orb.
     0 | D:1      | Reached XP level 1. HP: 14/14 MP: 1/1
   478 | D:1      | Reached XP level 2. HP: 19/19 MP: 2/2
  1040 | D:2      | Reached XP level 3. HP: 21/23 MP: 3/3
  1322 | D:2      | Found a faded altar of an unknown god.
  1368 | D:2      | Noticed Robin
  1946 | D:1      | Killed Robin
  1947 | D:1      | Reached XP level 4. HP: 19/29 MP: 4/4
  2385 | D:3      | Reached skill level 3 in Maces & Flails
  2859 | D:3      | Reached XP level 5. HP: 33/33 MP: 5/5
  2916 | D:3      | Noticed an ogre
  2930 | D:3      | Killed an ogre
  3687 | D:3      | Reached XP level 6. HP: 39/39 MP: 6/6
  3710 | D:3      | Noticed Terence
  3716 | D:3      | Killed Terence
  4220 | D:4      | Noticed a black bear
  4443 | D:4      | Found a glowing drain.
  4452 | Sewer    | Entered a sewer
  4580 | Sewer    | Reached skill level 5 in Fighting
  4580 | Sewer    | Reached skill level 5 in Shields
  4583 | Sewer    | Reached skill level 5 in Armour
  4647 | Sewer    | Reached skill level 4 in Maces & Flails
  4708 | Sewer    | Reached XP level 7. HP: 44/44 MP: 7/7
  5676 | D:4      | Noticed Iich's ghost (amateur MiBe)
  5792 | D:4      | Found a runed translucent gate.
  5792 | D:4      | Found a runed translucent gate.
  5792 | D:4      | Found a runed translucent gate.
  6315 | D:5      | Entered Level 5 of the Dungeon
  6337 | D:5      | Reached XP level 8. HP: 37/51 MP: 1/8
  6357 | D:5      | HP: 2/51 [orc (6)]
  6403 | D:4      | Reached skill level 5 in Maces & Flails
  6746 | D:5      | Found a staircase to the Ecumenical Temple.
  6759 | Temple   | Entered the Ecumenical Temple
  7055 | Temple   | Became a worshipper of Hepliaklqana the Forgotten
  7239 | D:5      | Reached skill level 1 in Invocations
  7696 | D:5      | Reached skill level 1 in Dodging
  8290 | D:6      | Reached skill level 6 in Maces & Flails
  8405 | D:6      | Reached * piety under Hepliaklqana
  8470 | D:6      | Reached XP level 9. HP: 50/50 MP: 10/10
  9154 | D:6      | Reached skill level 7 in Maces & Flails
  9594 | D:7      | Reached XP level 10. HP: 56/56 MP: 13/13
 10227 | D:7      | Reached skill level 8 in Maces & Flails
 10505 | D:8      | Noticed a kobold demonologist
 10507 | D:8      | Noticed a smoke demon
 10538 | D:8      | Noticed a rust devil
 10540 | D:8      | Noticed a sun demon
 10542 | D:8      | Mangled by a sun demon

Illustrated notes

Levels and vault maps discovered:
D:1:      minmay_arrival_four_houses, layout_basic
D:2:      layout_rooms, ebering_ecumenical_altar_abandoned, uniq_robin
D:3:      layout_loops_ring, minmay_between, uniq_terence
D:4:      layout_basic, lightli_sewer_entry_pipes, gammafunk_ghost_icy
D:5:      layout_cave_pools, temple_fountains
D:6:      layout_loops_ring, minmay_manual_mullet
D:7:      layout_loops_corners, hex_large
D:8:      layout_loops_cross, serial_shops, shop
Temple:   oiseaux_autumnal_temple

Skill      XL: |  1  2  3  4  5  6  7  8  9 10 |
---------------+-------------------------------+-----
Fighting       | 4 5 6 7 |  7.7
Maces & Flails | 3 4 6 7 8 |  8.1
Armour         | 4 5 6 7 |  7.8
Shields        | 4 5 6 |  6.0
Invocations    | 2 4 |  4.5
Dodging        | 1 3 |  3.3

Action                   |  1- 3 |  4- 6 |  7- 9 | 10-12 || total
-------------------------+-------+-------+-------+-------++-------
Melee: Flail             |   118 |   198 |   462 |    48 ||   826
Throw: Dart              |       |     1 |       |       ||     1
  Use: Potion            |       |     1 |     4 |     1 ||     6
       Scroll            |       |       |     8 |     3 ||    11
 Stab: Distracted        |       |       |     1 |     1 ||     2
Armor: Scale mail        |    98 |    34 |       |       ||   132
       Chain mail        |       |    67 |   473 |    34 ||   574
Dodge: Dodged            |    67 |   106 |   451 |    38 ||   662
Block: Buckler           |    29 |    45 |   196 |    19 ||   289

Table legend: (Time is in decaauts)
 A = Elapsed time spent in this place.
 B = Non-inter-level travel time spent in this place.
 C = Inter-level travel time spent in this place.
 D = Time resting spent in this place.
 E = Time spent auto-exploring this place.
 F = Levels seen in this place.
 G = Mean time per level.
                   A        B        C        D        E       F      G
               +--------+--------+--------+--------+--------+-----+--------+
         Total |  10824 |  10541 |    283 |   3014 |   5705 |  10 | 1082.4 |
       Dungeon |   9904 |   9643 |    261 |   3014 |   4965 |   8 | 1238.0 |
        Temple |    333 |    311 |     22 |      0 |    278 |   1 |  333.0 |
         Sewer |    586 |    586 |      0 |      0 |    461 |   1 |  586.0 |
               +--------+--------+--------+--------+--------+-----+--------+

Top non-repeatable levels by time:
     D:4: 1931 daAuts
     D:1: 1811 daAuts
     D:3: 1712 daAuts
     D:5: 1337 daAuts
     D:7: 1154 daAuts
     D:6: 1081 daAuts
     D:2: 786 daAuts
   Sewer: 586 daAuts
  Temple: 333 daAuts
     D:8: 88 daAuts
